 Dungeon Crawl Stone Soup version 0.31-a0-43-g46d131a48f (webtiles) character file.

Game seed: 3929757355961479038

963 ytrimaz the Chucker (level 8, -2/84 HPs)
             Began as an Ogre Gladiator on May 19, 2023.
             Slain by a white imp (3 damage)
             ... on level 5 of the Dungeon.
             The game lasted 00:08:34 (7069 turns).

ytrimaz the Chucker (Ogre Gladiator)                Turns: 7069, Time: 00:08:35

Health: -2/84      AC:  4    Str: 20 (21) XL:     8   Next: 15%
Magic:  0/17       EV: 10    Int:  8 (9)  God:
Gold:   274        SH:  0    Dex:  8 (10) Spells: 7/7 levels left

rFire   . . .        a - +0 flail
rCold   . . .        (no shield)
rNeg    . . .        b - +0 robe
rPois   .            c - +1 hat
rElec   .            (no cloak)
rCorr   .            (gloves unavailable)
SInv    .            (boots unavailable)
Will    .....        r - amulet of guardian spirit
Stlth   +            n - ring of magical power
HPRegen 0.34/turn    (no ring)
MPRegen 0.15/turn

%: guardian spirit
@: no status effects
A: large, unfitting armour, tough skin 1
a: no special abilities


You were on level 5 of the Dungeon.
You visited 1 branch of the dungeon, and saw 5 of its levels.

You collected 274 gold pieces.


Innate Abilities, Weirdness & Mutations

You are too large for most types of armour.
You have tough skin. (AC +1)


   Skills:
 + Level 6.5 Fighting
 + Level 4.8 Maces & Flails
 * Level 6.7 Throwing
 - Level 2.8 Dodging


You had 7 spell levels left.
You didn't know any spells.
Your spell library contained the following spells:

 Spells                   Type           Power      Damage    Failure   Level
 Summon Small Mammal      Summ           0%         N/A       41%         1
 Call Canine Familiar     Summ           0%         N/A       78%         3
 Summon Guardian Golem    Hex/Summ       0%         N/A       78%         3
 Animate Dead             Necr           0%         N/A       99%         4
 Haunt                    Necr/Summ      0%         N/A       100%        7
 Borgnjor's Revivificati  Necr           0%         N/A       100%        8
 Infestation              Necr           0%         N/A       100%        8
 Necromutation            Tmut/Necr      0%         N/A       100%        8
 Death's Door             Necr           0%         N/A       100%        9

Inventory:

Hand Weapons
 a - a +0 flail (weapon)
Missiles
 d - a throwing net (quivered)
 l - 12 poisoned darts
Armour
 b - a +0 robe (worn)
 c - a +1 hat (worn)
Jewellery
 n - a ring of magical power (left hand)
   (You found it on level 2 of the Dungeon)
 r - an amulet of guardian spirit (around neck)
   (You found it on level 2 of the Dungeon)
 y - a ring of wizardry
   (You took it off a kobold on level 4 of the Dungeon)
Scrolls
 e - a scroll of teleportation
 k - 3 scrolls of blinking
 m - 2 scrolls of noise
Potions
 f - 2 potions of degeneration
 g - 2 potions of curing
 i - a potion of haste
 j - a potion of cancellation
 o - a potion of lignification {unknown}
 p - a potion of magic {unknown}
 q - 4 potions of flight
 u - a potion of heal wounds {unknown}
 x - a potion of resistance {unknown}

Dungeon Overview and Level Annotations

Branches:
Dungeon (5/15) Zot: 22852
 Temple: D:4-7

Altars:
Ashenzari

Shops:
D:1 [ D:3

: .#.# #.#####..#..#..#####.# #
.#)# #.#..$.h.#.[#......#.# #
.#.# #.#......#..#..?...#.# #
.#.# #.#..#####..#####..#.# #
.#.# #.#.....f#..#?.....#.# #
.#.# ##.#......#..#..... #.# #
.#.###..#####[.#..#..#####.# #
.#..†...#...h..#..#......#.# #
.#####..#...[..#@o#......#.#####
.....##.#..#####5.#####..#.#..<##
####.##.#....h.......(...#.#.#...
#.##>#................#.#...## ##
#.##.##################)##.##
.###.##.# #.............##.#
.....##.######..##########.##.#
.######.........# #.##.### ##
#########.# #.......


You could see a white imp and an orc.


Message History

You lost 1 mp, and now have 16/17 mp.
Unknown command.
You hit the scorpion but do no damage. The orc hits you with a +0 flail.
The scorpion barely misses you.
The orc closely misses you. 😕 HP[-5] MP[-1]
You take 5 damage, and now have 75/84 hp.
You lost 1 mp, and now have 15/17 mp.
You hit the scorpion but do no damage. The scorpion barely misses you.
The orc hits you with a +0 flail! 😕 HP[-5] MP[-1]
You take 5 damage, and now have 70/84 hp.
You lost 1 mp, and now have 14/17 mp.
You closely miss the scorpion.
The scorpion stings you but does no damage.
The scorpion stings you.
You are poisoned.
The scorpion poisons you! The orc barely misses you. 😕 HP[-4]
You take 4 damage, and now have 66/84 hp.
You hit the scorpion but do no damage.
You feel very sick. The scorpion stings you.
The orc closely misses you. 😮 HP[-7] MP[-1]
You take 7 damage, and now have 59/84 hp.
You lost 1 mp, and now have 13/17 mp.
You hit the scorpion but do no damage.
You feel sick. The scorpion stings you. The orc hits you with a +0 flail.
The scorpion stings you. 😮 HP[-10] MP[-2]
You take 10 damage, and now have 49/84 hp.
You lost 2 mp, and now have 11/17 mp.
Unknown command.
You hit the scorpion.
You feel sick. The orc hits you with a +0 flail!
* * * LOW HITPOINT WARNING * * *
The scorpion misses you. 😨 HP[-8] MP[-1]
You take 8 damage, and now have 41/84 hp.
You lost 1 mp, and now have 10/17 mp.
You hit the scorpion.
You feel sick. The scorpion barely misses you. The orc closely misses you.
Unknown command.
Okay, then.
Throw: large rock
Press: ? - help, Q - select action, (/) - cycle Shift-Dir - straight line, f/p - scorpion
Aim: a scorpion (severely wounded, 62% to hit)
You throw a large rock. The large rock hits the scorpion!
You kill the scorpion!
You feel sick. The orc hits you with a +0 flail.
* * * LOW HITPOINT WARNING * * *
The white imp gestures at you. The puff of frost hits you.
* * * LOW HITPOINT WARNING * * *
The white imp gestures at you. The puff of frost hits you!
* * * LOW HITPOINT WARNING * * *
The orc barely misses you.
Unknown command. 😨 HP[-15] MP[-3]
You take 15 damage, and now have 26/84 hp.
You lost 3 mp, and now have 7/17 mp.
You feel sick.
You are no longer poisoned.
The orc misses you. The white imp gestures at you. The puff of frost hits you!
* * * LOW HITPOINT WARNING * * *
Things that are here:
a large rock; a scorpion corpse; 😱 HP[-7] MP[-1]
You take 7 damage, and now have 19/84 hp.
You lost 1 mp, and now have 6/17 mp.
Unknown command.
You barely miss the orc. The orc hits you but does no damage.
The white imp gestures at you. The puff of frost hits you.
* * * LOW HITPOINT WARNING * * *
😱 HP[-3] MP[-1]
You take 3 damage, and now have 16/84 hp.
You lost 1 mp, and now have 5/17 mp.
You barely miss the orc. The orc barely misses you.
The white imp hits you but does no damage. 😱 MP[+1] Unknown command.
You barely miss the white imp. The white imp gestures at you.
The puff of frost hits you.
* * * LOW HITPOINT WARNING * * *
The orc hits you with a +0 flail.
* * * LOW HITPOINT WARNING * * *
The white imp gestures at you. The puff of frost hits you.
* * * LOW HITPOINT WARNING * * *
The orc hits you with a +0 flail!
* * * LOW HITPOINT WARNING * * *
You hit the white imp but do no damage. The orc closely misses you.
The white imp barely misses you. 😱 HP[-15] MP[-5]
You take 15 damage, and now have 1/84 hp.
You lost 5 mp, and now have 1/17 mp.
You sock the white imp! The orc misses you. The white imp hits you.
The white imp freezes you.
You die...

Skill      XL: |  1  2  3  4  5  6  7 |
---------------+----------------------+-----
Fighting       | 3 4 5 6 |  6.5
Maces & Flails | 3 4 |  4.8
Throwing       | 3 4 5 6 |  6.7
Dodging        | |  2.8

Action                     |  1- 3 |  4- 6 |  7- 9 || total
---------------------------+-------+-------+-------++-------
  Melee: Flail             |   130 |   199 |   154 ||   483
         Punch             |     3 |     1 |     3 ||     7
  Throw: Large rock        |     2 |     2 |     1 ||     5
         Throwing net      |     5 |     1 |     1 ||     7
  Evoke: Wand              |       |     3 |     5 ||     8
    Use: Potion            |     3 |     1 |     5 ||     9
         Scroll            |       |     6 |     2 ||     8
   Stab: Paralysed         |       |     9 |       ||     9
         Sleeping          |       |     2 |       ||     2
         Held in net/web   |       |     1 |     1 ||     2
 Armour: Robe              |    45 |    54 |    52 ||   151
  Dodge: Dodged            |    89 |   104 |    94 ||   287

Levels and vault maps discovered:
D:1:      amcnicky_arrival_abandoned_market, layout_basic, serial_shops, shop,
          roderic_serpentine_path, nicolae_titane
D:2:      layout_basic, serial_forest, infiniplex_forest_corner_1,
          infiniplex_forest_lined_1, infiniplex_forest_clump_diagonal,
          infiniplex_forest_clump_tiny, infiniplex_forest_straight_2,
          infiniplex_forest_end_2, infiniplex_forest_clump_double,
          infiniplex_forest_zigzag_1, hangedman_decor_points, st_stairs_1
D:3:      layout_basic, serial_shops, nicolae_shop_behind_doors,
          hangedman_decor_diamond_cutter, grunt_decor_junction,
          kennysheep_generic_room_7
D:4:      layout_basic, mainiacjoe_overflow_alcove_1, serial_bayou_pond_c,
          chequers_jeans, minmay_starry_boxes
D:5:      kennysheep_windowed_halls, layout_loops_ring,
          cheibrodos_sewer_entry_bend

Notes
Turn   | Place    | Note
-------+----------+-------------------------------------------
     0 | D:1      | ytrimaz the Ogre Gladiator began the quest for the Orb.
     0 | D:1      | Reached XP level 1. HP: 22/22 MP: 1/1
     0 | D:1      | magus.rc [v1.9.6]
    84 | D:1      | Reached skill level 3 in Fighting
   135 | D:1      | Reached XP level 2. HP: 31/31 MP: 2/2
   446 | D:1      | Found Liumoq's Armour Emporium.
   995 | D:2      | HP: 7/31 [adder (1)]
   999 | D:2      | HP: 3/31 [poisoned by an adder]
  1002 | D:2      | HP: 1/31 [poisoned by an adder]
  1012 | D:2      | Reached XP level 3. HP: 17/37 MP: 3/3
  1140 | D:2      | HP: 8/37 [poisoned by an adder]
  1145 | D:2      | HP: 4/37 [poisoned by an adder]
  1293 | D:2      | Reached skill level 3 in Maces & Flails
  1376 | D:2      | You pick up a book of Death and begin reading...
  1376 | D:2      | You add the spells Animate Dead, Haunt and Infestation to
                  | your library.
  1436 | D:2      | Reached skill level 3 in Throwing
  1875 | D:2      | Reached XP level 4. HP: 40/43 MP: 4/4
  1889 | D:2      | You add the spells Borgnjor's Revivification, Necromutation
                  | and Death's Door to your library.
  2467 | D:3      | Identified the +9 rapier of Ru's Pride {pain, Fragile rN+
                  | Int+6}
  2664 | D:3      | Identified the +0 scale mail of Papsuf {rPois}
  2730 | D:3      | Found Gecokeafuu's Book Shop.
  3309 | D:4      | Noticed a scorpion
  3321 | D:4      | Killed a scorpion
  3322 | D:4      | Reached skill level 4 in Fighting
  3322 | D:4      | Reached skill level 4 in Throwing
  3322 | D:4      | Reached XP level 5. HP: 54/54 MP: 5/5
  3347 | D:4      | HP: 11/54 [gnoll/+0 spear (3)]
  3358 | D:4      | HP: 10/54 [adder (2)]
  3363 | D:4      | HP: 6/54 [poisoned by an adder]
  4035 | D:4      | Found a broken altar of Ashenzari.
  4068 | D:4      | Reached XP level 6. HP: 24/63 MP: 6/6
  4426 | D:4      | You pick up a book of Callings and begin reading...
  4426 | D:4      | You add the spells Summon Small Mammal, Call Canine
                  | Familiar and Summon Guardian Golem to your library.
  4966 | D:5      | Entered Level 5 of the Dungeon
  5169 | D:5      | Reached skill level 5 in Fighting
  5351 | D:5      | Noticed an ice beast
  5383 | D:5      | Reached skill level 4 in Maces & Flails
  5383 | D:5      | Reached skill level 5 in Throwing
  5396 | D:5      | Reached XP level 7. HP: 49/72 MP: 7/7
  5539 | D:5      | HP: 17/74 [acid (3)]
  5559 | D:5      | HP: 18/74 [adder (1)]
  5562 | D:5      | HP: 8/74 [adder (3)]
  5569 | D:5      | HP: 18/74 [adder (2)]
  5579 | D:5      | HP: 8/74 [hound (3)]
  5594 | D:5      | HP: 8/74 [hound (3)]
  5604 | D:5      | HP: 16/74 [hound (2)]
  5609 | D:5      | HP: 12/74 [hound (1)]
  5643 | D:5      | HP: 17/74 [hound (2)]
  5684 | D:4      | HP: 17/74 [hound (2)]
  5690 | D:4      | HP: 15/74 [hound (3)]
  5695 | D:4      | HP: 6/74 [hound (2)]
  5698 | D:4      | Reached skill level 6 in Fighting
  5698 | D:4      | Reached skill level 6 in Throwing
  5937 | D:4      | HP: 16/75 [something (3)]
  6384 | D:5      | Reached XP level 8. HP: 75/83 MP: 8/8
  7064 | D:5      | HP: 19/84 [white imp/puff of frost (6)]
  7067 | D:5      | HP: 6/84 [white imp/puff of frost (4)]
  7067 | D:5      | HP: 1/84 [orc/+0 flail (5)]
  7069 | D:5      | Slain by a white imp

Vanquished Creatures
  A sky beast (D:5)
  A phantom (D:5)
  2 scorpions
  A howler monkey (D:5)
  2 jellies (D:5)
  3 orc priests
  2 hounds (D:4)
  4 iguanas
  3 orc wizards
  4 gnolls
  10 adders
  2 white imps (D:5)
  3 worms (D:5)
  2 dart slugs (D:4)
  11 orcs
  5 ball pythons
  9 endoplasms
  2 giant cockroaches
  5 goblins
  7 hobgoblins
  3 jackals (D:3)
  5 quokkas
  3 bats
  3 frilled lizards
  6 kobolds
  4 rats
103 creatures vanquished.

Table legend:
 A = Non-vault XP
 B = Vault XP
 C = Vault XP percentage of total XP
 D = Non-vault monster count
 E = Vault monster count
 F = Vault count percentage of total count
                 A         B        C        D         E       F
            +---------+---------+-------+---------+---------+-------
      Total |     880 |     496 |  36.0 |      83 |      20 |  19.4
            +---------+---------+-------+---------+---------+-------
        D:1 |      23 |       0 |   0.0 |      14 |       0 |   0.0
        D:2 |      60 |       3 |   4.8 |      16 |       2 |  11.1
        D:3 |      88 |      16 |  15.4 |      16 |       2 |  11.1
        D:4 |     269 |      92 |  25.5 |      18 |       5 |  21.7
        D:5 |     440 |     385 |  46.7 |      19 |      11 |  36.7
            +---------+---------+-------+---------+---------+-------

Skill      XL: |  1  2  3  4  5  6  7 |
---------------+----------------------+-----
Fighting       | 3 4 5 6 |  6.5
Maces & Flails | 3 4 |  4.8
Throwing       | 3 4 5 6 |  6.7
Dodging        | |  2.8

Action                     |  1- 3 |  4- 6 |  7- 9 || total
---------------------------+-------+-------+-------++-------
  Melee: Flail             |   130 |   199 |   154 ||   483
         Punch             |     3 |     1 |     3 ||     7
  Throw: Large rock        |     2 |     2 |     1 ||     5
         Throwing net      |     5 |     1 |     1 ||     7
  Evoke: Wand              |       |     3 |     5 ||     8
    Use: Potion            |     3 |     1 |     5 ||     9
         Scroll            |       |     6 |     2 ||     8
   Stab: Paralysed         |       |     9 |       ||     9
         Sleeping          |       |     2 |       ||     2
         Held in net/web   |       |     1 |     1 ||     2
 Armour: Robe              |    45 |    54 |    52 ||   151
  Dodge: Dodged            |    89 |   104 |    94 ||   287

Illustrated notes

Table legend:
 A = Kills in this place as a percentage of kills in the entire game.
 B = Kills by you in this place as a percentage of kills by you in the entire game.
 C = Kills by friends in this place as a percentage of kills by friends in the entire game.
 D = Other kills in this place as a percentage of other kills in the entire game.
 E = Experience gained in this place as a percentage of experience gained in the entire game.
 F = Experience gained in this place divided by the number of levels of this place that you have seen.
                   A       B       C       D       E      F
               +-------+-------+-------+-------+-------+----------------------
         Total | 100.0 | 100.0 |   N/A |   N/A | 100.0 | 275.2
       Dungeon | 100.0 | 100.0 |   N/A |   N/A | 100.0 | 275.2
               +-------+-------+-------+-------+-------+----------------------

Table legend: (Time is in decaauts)
 A = Elapsed time spent in this place.
 B = Non-inter-level travel time spent in this place.
 C = Inter-level travel time spent in this place.
 D = Time resting spent in this place.
 E = Time spent auto-exploring this place.
 F = Levels seen in this place.
 G = Mean time per level.
                   A        B        C        D        E       F      G
               +--------+--------+--------+--------+--------+-----+--------+
         Total |   7146 |   7008 |    138 |    725 |   5042 |   5 | 1429.2 |
       Dungeon |   7146 |   7008 |    138 |    725 |   5042 |   5 | 1429.2 |
               +--------+--------+--------+--------+--------+-----+--------+

Top non-repeatable levels by time:
     D:4: 1908 daAuts
     D:5: 1679 daAuts
     D:2: 1412 daAuts
     D:3: 1214 daAuts
     D:1: 931 daAuts
